 Dungeon Crawl Stone Soup version 0.25.0-8-gfd19cd77bd (webtiles) character file.

Game seed: 5867275478725193764

77 Infinimo the Skirmisher (level 4, -6/50 HPs)
             Began as an Ogre Berserker on June 16, 2020.
             Was a Believer of Trog.
             Mangled by a gnoll
             ... wielding a +0 whip
              (7 damage)
             ... on level 1 of the Dungeon.
             The game lasted 00:02:30 (1936 turns).

Infinimo the Skirmisher (Ogre Berserker)            Turns: 1936, Time: 00:02:30

Health: -6/50      AC:  3    Str: 22    XL:     4   Next: 33%
Magic:  4/4        EV: 10    Int:  8    God:    Trog [**....]
Gold:   90         SH:  0    Dex:  8    Spells: 3/3 levels left

rFire    . . .     SeeInvis .   a - +0 mace
rCold    . . .     Gourm    .   (no shield)
rNeg     . . .     Faith    .   b - +0 animal skin
rPois    .         Spirit   .   (helmet restricted)
rElec    .         Reflect  .   n - scarf {+Inv}
rCorr    .         Harm     .   (gloves unavailable)
MR       .....                  (boots unavailable)
Stlth    +.........             (no amulet)
HPRegen  0.16/turn              (no ring)
MPRegen  0.09/turn              (no ring)

@: berserk cooldown
A: large, unfitting armour, tough skin 1
a: Berserk, Trog's Hand, Renounce Religion, Evoke Invisibility


You were on level 1 of the Dungeon.
You worshipped Trog.
Trog was pleased with you.
You were very hungry.

You visited 1 branch of the dungeon, and saw 2 of its levels.

You collected 90 gold pieces.

Inventory:

Hand Weapons
 a - a +0 mace (weapon)
Armour
 b - a +0 animal skin (worn)
 n - a scarf of invisibility (worn)
Jewellery
 j - an uncursed ring of protection from fire {unknown}
Scrolls
 e - a scroll of enchant armour {unknown}
 f - 2 scrolls of identify {unknown}
 g - a scroll of blinking {unknown}
 i - a scroll of noise {unknown}
 k - a scroll of remove curse {unknown}
 l - a scroll of fear {unknown}
Potions
 m - 2 potions of degeneration {unknown}
Comestibles
 c - 3 rations
 d - a chunk of flesh


   Skills:
 + Level 5.0 Fighting
 * Level 4.0 Maces & Flails
 - Level 2.6 Dodging


You had 3 spell levels left.
You didn't know any spells.
Your spell library was empty.

Dungeon Overview and Level Annotations

Branches:
Dungeon (2/15)

Altars:


Innate Abilities, Weirdness & Mutations

You are too large for most types of armour.
You have tough skin. (AC +1)


Message History

* * * LOW HITPOINT WARNING * * *
The gnoll barely misses you.
You sock the gnoll!
The gnoll is almost dead.
The gnoll hits you with a +0 whip.
* * * LOW HITPOINT WARNING * * *
The gnoll hits you with a +0 whip.
* * * LOW HITPOINT WARNING * * *
You completely miss the gnoll.
The gnoll is almost dead.
The gnoll closely misses you.
You closely miss the gnoll.
The gnoll is almost dead.
The gnoll closely misses you. The gnoll hits you with a +0 whip.
* * * LOW HITPOINT WARNING * * *
You barely miss the gnoll.
The gnoll is almost dead.
You feel yourself speed up. The gnoll hits you with a +0 whip!
You die...

.............###.##...##...^.....
+####.................##'########
.# #).......###.#....#.......# .#
#....(...# #.#....#.......# .#
#........# #.#.#.##.......#
.########..### #.#.#.##.......#
...........# #.#(#.##....####
#.........## #g#.#.##....#
#.######### #@#.#.###'###
#.##############.#.......#
.....................############
..##############.#.####..........
......)...# #.#.# #.#########
#.........######.#.####.###
..........................#
################.#.####.#.#
#........#.#.# #.#.#


You could see a gnoll.

Vanquished Creatures
  A gnoll (D:2)
  2 adders (D:2)
  2 dart slugs (D:1)
  A leopard gecko (D:2)
  2 giant cockroaches (D:1)
  5 goblins (D:1)
  4 hobgoblins
  7 jackals
  5 bats
  3 frilled lizards
  4 kobolds (D:1)
  5 rats (D:1)
41 creatures vanquished.

Notes
Turn   | Place    | Note
-------+----------+-------------------------------------------
     0 | D:1      | Infinimo the Ogre Berserker began the quest for the Orb.
     0 | D:1      | Reached XP level 1. HP: 24/24 MP: 1/1
   275 | D:1      | Reached XP level 2. HP: 32/32 MP: 2/2
   809 | D:1      | Reached XP level 3. HP: 23/40 MP: 3/3
  1239 | D:1      | Reached ** piety under Trog
  1902 | D:2      | Reached XP level 4. HP: 27/49 MP: 4/4
  1907 | D:2      | Reached skill level 5 in Fighting
  1916 | D:1      | HP: 1/50 [jackal (2)]
  1933 | D:1      | HP: 1/50 [gnoll/+0 whip (3)]
  1936 | D:1      | Mangled by a gnoll

Illustrated notes

Levels and vault maps discovered:
D:1:      heliophobic_arrival_battle_scene, layout_basic
D:2:      layout_rooms, minmay_box_of_dots

Skill      XL: |  1  2  3  4 |
---------------+-------------+-----
Maces & Flails | 3 4 |  4.0
Fighting       | 5 |  5.0
Dodging        | |  2.6

Action                   |  1- 3 |  4- 6 || total
-------------------------+-------+-------++-------
Melee: Mace              |   138 |    16 ||   154
Invok: Berserk           |     2 |       ||     2
       Trog's Hand       |       |     1 ||     1
  Use: Potion            |       |     2 ||     2
  Eat: Chunk             |     4 |       ||     4
Armor: Animal skin       |    41 |     8 ||    49
Dodge: Dodged            |   108 |    26 ||   134
